 Dungeon Crawl Stone Soup version 0.31-a0-1540-g5a0b83f448 (webtiles) character file.

Game seed: 11233528508590211681

2804 monsoonserge the Cudgeller (level 9, -11/72 HPs)
             Began as a Black Draconian Conjurer on Jan 2, 2024.
             Was a Priest of Vehumet.
             Mangled by an orc warrior
             ... wielding a +0 war axe
              (13 damage)
             ... in a bailey.
             The game lasted 00:29:04 (7016 turns).

monsoonserge the Cudgeller (DrCj)                   Turns: 7016, Time: 00:29:04

Health: -11/72     AC:  8    Str: 10    XL:     9   Next: 44%
Magic:  8/13       EV: 12    Int: 22    God:    Vehumet [***...]
Gold:   300        SH:  5    Dex: 10    Spells: 10/14 levels left

rFire   . . .        e - +2 mace (distort)
rCold   . . .        k - +0 buckler
rNeg    . . .        (body armour unavailable)
rPois   .            (helmet restricted)
rElec   +            (no cloak)
rCorr   +            g - +0 pair of gloves
SInv    .            (no boots)
Will    .....        (no amulet)
Stlth   ++           p - +4 ring of slaying
HPRegen 0.32/turn    r - ring of resist corrosion
MPRegen 0.13/turn

%: no passive effects
@: lethally poisoned (-11 -> -13), short of breath, slowed, very slow
A: breathe lightning, AC +7, unfitting armour, electricity resistance,
cold-blooded
a: Breathe Lightning, Renounce Religion


You were in a bailey.
You worshipped Vehumet.
Vehumet was most pleased with you.
You visited 2 branches of the dungeon, and saw 8 of its levels.
You also visited: Sewer and Bailey.

You collected 300 gold pieces.

Inventory:

Hand Weapons
 e - a +2 mace of distortion (weapon)
 B - a +2 dagger of speed
 K - a +5 vampiric broad axe
Missiles
 w - 26 poisoned darts (quivered)
 x - 34 boomerangs
 J - 11 curare-tipped darts
 L - 4 datura-tipped darts
Armour
 g - a +0 pair of gloves (worn)
 k - a +0 buckler (worn)
 y - a +0 kite shield
Jewellery
 p - a +4 ring of slaying (left hand)
 r - a ring of resist corrosion (right hand)
Wands
 c - a wand of quicksilver (8)
 v - a wand of iceblast (11)
 A - a wand of flame (15)
 H - a wand of digging (4)
Scrolls
 b - 3 scrolls of enchant weapon {unknown}
 d - a scroll of torment
 f - a scroll of revelation {unknown}
 h - 4 scrolls of amnesia {unknown}
 i - 2 scrolls of poison
 l - a scroll of teleportation
 m - a scroll of blinking {unknown}
 o - 2 scrolls of enchant armour
 q - 3 scrolls of fear {unknown}
 s - a scroll of vulnerability {unknown}
Potions
 a - 2 potions of magic
 j - a potion of attraction
 n - 3 potions of heal wounds
 t - a potion of curing
 u - 2 potions of berserk rage {unknown}
 z - 2 potions of enlightenment {unknown}
 C - a potion of experience {unknown}
 D - a potion of mutation {unknown}
 E - a potion of cancellation {unknown}
 F - 2 potions of haste {unknown}
 G - 2 potions of invisibility {unknown}
 I - a potion of lignification {unknown}


   Skills:
 + Level 4.7 Fighting
 + Level 0.6(4.1) Axes
 + Level 6.6 Maces & Flails
 + Level 5.3 Dodging
 - Level 2.0 Stealth
 * Level 5.2 Shields
 - Level 3.0 Spellcasting
 + Level 6.4 Conjurations
 - Level 3.0 Air Magic
 - Level 1.0 Evocations


You had 10 spell levels left.
You knew the following spells:

 Your Spells              Type           Power      Damage    Failure   Level
a - Magic Dart            Conj           100%       1d8       1%          1
b - Searing Ray           Conj           62%        2d6       1%          2
c - Shock                 Conj/Air       96%        1d9       1%          1

Your spell library contained the following spells:

 Spells                   Type           Power      Damage    Failure   Level
 Hailstorm                Conj/Ice       17%        3d6       4%          3
 Fulminant Prism          Conj/Alch      8%         3d7       13%         4
 Iskenderun's Mystic Bla  Conj/Tloc      17%        2d5       13%         4
 Lesser Beckoning         Tloc           6%         N/A       26%         2
 Gell's Gravitas          Tloc           3%         N/A       45%         3
 Teleport Other           Tloc           3%         N/A       45%         3


Dungeon Overview and Level Annotations

Branches:
Dungeon (7/15)             Temple (1/1) D:5           Sewer (visited)
 Bailey (1/1)

Altars:
Ashenzari
Cheibriados
Dithmenos
Elyvilon
Fedhas
Gozag
Hepliaklqana
Kikubaaqudgha
Makhleb
Nemelex Xobeh
Okawaru
Ru
Sif Muna
Trog
Uskayaw
Vehumet
Xom
Yredelemnul
The Shining One


Innate Abilities, Weirdness & Mutations

You can breathe wild blasts of lightning.
Your glossy black scales are hard. (AC +7)
You cannot fit into any form of body armour.
You are resistant to electric shocks. (rElec)
You are cold-blooded and may be slowed by cold attacks.


Message History

Aim: a kobold brigand, wielding a +0 war axe and quivering poisoned darts (lightly wounded, 74% to hit)
The searing ray hits the kobold brigand!
The kobold brigand is moderately wounded. (Press . to maintain the ray.)
You feel very sick.
The kobold brigand throws a poisoned dart.
The poisoned dart hits you.
You are more poisoned.
The searing ray hits the orc warrior.
The orc warrior is lightly wounded.
You feel very sick.
The orc warrior hits you with a +0 war axe.
Unknown command.
The searing ray hits the orc warrior.
The orc warrior is moderately wounded.
The searing ray hits the orc warrior.
The orc warrior is lightly wounded.
You feel very sick.
The orc warrior hits you but does no damage.
The searing ray hits the orc warrior!
The orc warrior is heavily wounded.
You finish channelling your searing ray.
You feel sick.
The orc warrior hits you with a +0 war axe.
The orc warrior closely misses you.
Unknown command.
Aiming: Quicksilver Bolt
Press: ? - help, Shift-Dir - straight line, f/p - kobold brigand
Aim: a kobold brigand, wielding a +0 war axe and quivering poisoned darts (moderately wounded, 64% to hit)
The bolt of dispelling energy hits the orc warrior.
The orc warrior is severely wounded.
The bolt of dispelling energy hits the kobold brigand!
The kobold brigand is almost dead.
You feel sick.
The orc warrior hits you with a +0 war axe.
* * * LOW HITPOINT WARNING * * *
The orc warrior hits you with a +0 war axe!
* * * LOW HITPOINT WARNING * * *
The orc warrior hits you with a +0 war axe!
You die...

###.:?.(.!?.###
#.............#
...............
.......).......
#.....)).o....#
#......o..# #...#
###o### ##..o@.##
#...8...# #∩.....∩#
##.....## ####'''####
##~.......~##
#####~~.......~~#####
#....~~.......~~....#
#.###~~.......~~###.#


You could see 2 orc warriors.

Vanquished Creatures
  A wraith (D:5)
  A steam dragon (D:6)
  An ice beast (D:5)
  6 ogres
  2 centaurs
  4 phantoms
  7 kobold brigands
  3 scorpions
  A wight (D:7)
  2 howler monkeys
  2 bombardier beetles
  4 hounds
  An orc priest (D:6)
  4 iguanas
  An orc wizard (D:5)
  A gnoll (D:5)
  9 adders
  9 river rats (Sewer)
  2 shadow imps (D:5)
  4 ufetubi
  4 dart slugs
  3 ribbon worms
  10 orcs
  14 ball pythons
  7 bats
  4 endoplasms
  3 giant cockroaches
  11 goblins
  9 hobgoblins
  4 jackals
  4 quokkas
  4 frilled lizards
  23 kobolds
  27 rats
  A spectral orc (D:7)
193 creatures vanquished.

Notes
Turn   | Place    | Note
-------+----------+-------------------------------------------
     0 | D:1      | monsoonserge the Draconian Conjurer began the quest for the
                  | Orb.
     0 | D:1      | Reached XP level 1. HP: 14/14 MP: 3/3
   219 | D:1      | Reached XP level 2. HP: 17/20 MP: 5/5
   317 | D:1      | Learned a level 2 spell: Searing Ray
   896 | D:2      | Reached XP level 3. HP: 15/26 MP: 0/6
  1115 | D:2      | Found a burning altar of Makhleb.
  1156 | D:2      | Found a faded altar of an unknown god.
  1598 | D:3      | Reached XP level 4. HP: 34/34 MP: 7/7
  1749 | D:3      | Reached skill level 1 in Maces & Flails
  1771 | D:3      | Found a blossoming altar of Fedhas.
  1796 | D:3      | Found a shadowy altar of Dithmenos.
  1802 | D:3      | Found a bloodstained altar of Trog.
  1802 | D:3      | Found a basalt altar of Yredelemnul.
  1908 | D:3      | Reached skill level 1 in Fighting
  2324 | D:3      | Found a snail-covered altar of Cheibriados.
  2623 | D:4      | Reached skill level 1 in Shields
  2623 | D:4      | Reached XP level 5. HP: 34/40 MP: 3/8
  2755 | D:4      | Noticed an ogre
  2761 | D:4      | Killed an ogre
  2959 | D:4      | Noticed a phantom
  2967 | D:5      | Entered Level 5 of the Dungeon
  2968 | D:5      | Noticed an ogre
  2975 | D:5      | Killed an ogre
  2976 | D:5      | Reached XP level 6. HP: 48/48 MP: 2/9
  3174 | D:5      | Found a staircase to the Ecumenical Temple.
  3181 | Temple   | Entered the Ecumenical Temple
  3192 | Temple   | Became a worshipper of Vehumet
  3209 | D:5      | Noticed a wraith
  3226 | D:5      | Killed a wraith
  3227 | D:5      | Reached skill level 5 in Conjurations
  3402 | D:5      | Your scales start taking on a glossy black colour.
  3402 | D:5      | Reached XP level 7. HP: 50/55 MP: 4/10
  3402 | D:5      | Gained mutation: You are resistant to electric shocks.
                  | (rElec) [Black Draconian growth]
  4190 | D:5      | Reached XP level 8. HP: 63/63 MP: 7/12
  4195 | D:5      | Reached skill level 5 in Maces & Flails
  4431 | D:5      | Found a sparkling altar of Nemelex Xobeh.
  4606 | D:6      | Found an opulent altar of Gozag.
  4669 | D:6      | Reached skill level 1 in Evocations
  4713 | D:6      | Reached * piety under Vehumet
  4713 | D:6      | Offered knowledge of Shock by Vehumet.
  4720 | D:6      | Learned a level 1 spell: Shock
  4764 | D:6      | Reached skill level 1 in Air Magic
  4866 | D:6      | Found a glowing drain.
  4870 | Sewer    | Entered a sewer
  5208 | Sewer    | Reached ** piety under Vehumet
  5237 | Sewer    | Offered knowledge of Freeze by Vehumet.
  5814 | D:6      | Found a shimmering blue altar of Sif Muna.
  5822 | D:6      | Reached XP level 9. HP: 42/71 MP: 2/13
  6368 | D:6      | Offered knowledge of Hailstorm by Vehumet.
  6566 | D:7      | Reached skill level 5 in Dodging
  6678 | D:7      | Found a hazy altar of Hepliaklqana.
  6690 | D:7      | Found a flagged portal.
  6716 | Bailey   | Entered a bailey
  6736 | Bailey   | Reached *** piety under Vehumet
  6746 | Bailey   | Reached skill level 5 in Shields
  7008 | Bailey   | Found a bloodstained altar of Trog.
  7016 | Bailey   | HP: 2/72 [orc warrior/+0 war axe (15)]
  7016 | Bailey   | Mangled by an orc warrior

Illustrated notes

Levels and vault maps discovered:
D:1:      amcnicky_arrival_wind_blow, layout_basic
D:2:      layout_loops_ring, basic_altar, shapermc_ecumenical_altar_petra
D:3:      minmay_general_purpose_star, layout_loops_ring, fedhas_altar_1,
          lemuel_crystal_altar, gammafunk_temple_overflow_forgotten,
          minmay_splitting_lines
D:4:      layout_cave_pools, minmay_door_square, grunt_decor_mini_mirrors
D:5:      layout_rooms, mainiacjoe_overflow_24_doors,
          minmay_temple_entry_gardened_gates, minmay_joined_circles
D:6:      layout_basic, lemuel_crystal_altar, mainiacjoe_overflow_chevrons,
          gup_sewer_entry_bowl
D:7:      minmay_chambers_of_sevens, layout_rooms, zin_academy,
          nicolae_hepliaklqana_monster_ancestors, enter_bailey_5, uniq_maurice
Temple:   hellmonk_temple_flake
Bailey:   bailey_axe_3, bailey

Skill      XL: |  1  2  3  4  5  6  7  8  9 |
---------------+----------------------------+-----
Dodging        | 2 3 4 5 |  5.3
Stealth        | 2 |  2.0
Maces & Flails | 1 3 4 6 |  6.6
Fighting       | 1 2 3 4 |  4.7
Shields        | 1 2 3 4 5 |  5.2
Conjurations   | 5 6 |  6.4
Spellcasting   | 3 |  3.0
Evocations     | 1 |  1.0
Air Magic      | 2 3 |  3.0
Axes           | |  0.6

Action                     |  1- 3 |  4- 6 |  7- 9 || total
---------------------------+-------+-------+-------++-------
  Melee: War axe           |    11 |       |       ||    11
         Mace              |    54 |    56 |    86 ||   196
         Tailslap          |     2 |     7 |     6 ||    15
  Throw: Boomerang         |       |       |     1 ||     1
   Cast: Magic Dart        |     8 |     3 |       ||    11
         Searing Ray       |     8 |    18 |    52 ||    78
         Shock             |       |       |    18 ||    18
Ability: Breathe Lightning |       |       |     3 ||     3
  Evoke: Wand              |       |       |     3 ||     3
    Use: Potion            |     1 |       |       ||     1
         Scroll            |       |     4 |     3 ||     7
   Stab: Sleeping          |     3 |       |       ||     3
 Armour: Skin              |    60 |    39 |   107 ||   206
  Dodge: Dodged            |    60 |    46 |    80 ||   186
  Block: Buckler           |       |    12 |    32 ||    44

Table legend: (Time is in decaauts)
 A = Elapsed time spent in this place.
 B = Non-inter-level travel time spent in this place.
 C = Inter-level travel time spent in this place.
 D = Time resting spent in this place.
 E = Time spent auto-exploring this place.
 F = Levels seen in this place.
 G = Mean time per level.
                   A        B        C        D        E       F      G
               +--------+--------+--------+--------+--------+-----+--------+
         Total |   7121 |   6924 |    197 |    927 |   3791 |  10 |  712.1 |
       Dungeon |   6035 |   5838 |    197 |    583 |   3577 |   7 |  862.1 |
        Temple |     22 |     22 |      0 |      0 |      0 |   1 |   22.0 |
         Sewer |    741 |    741 |      0 |    158 |    214 |   1 |  741.0 |
        Bailey |    321 |    321 |      0 |    186 |      0 |   1 |  321.0 |
               +--------+--------+--------+--------+--------+-----+--------+

Top non-repeatable levels by time:
     D:6: 1246 daAuts
     D:5: 1229 daAuts
     D:1: 943 daAuts
     D:4: 925 daAuts
     D:3: 878 daAuts
   Sewer: 741 daAuts
     D:2: 665 daAuts
  Bailey: 321 daAuts
     D:7: 145 daAuts
  Temple: 22 daAuts
